 Dungeon Crawl Stone Soup version 0.22.1-2-g9c5b331 (webtiles) character file.

480 senseless the Ruffian (level 6, -10/48 HPs)
             Began as a Vampire Berserker on Nov 17, 2018.
             Was a Priest of Trog.
             Mangled by an ogre
             ... wielding a +0 giant club
              (27 damage)
             ... on level 4 of the Dungeon.
             The game lasted 00:17:03 (3037 turns).

senseless the Ruffian (Vampire Berserker)           Turns: 3037, Time: 00:17:04

Health: -10/48     AC:  6    Str: 17    XL:     6   Next: 86%
Magic:  6/6        EV: 13    Int: 10    God:    Trog [***...]
Gold:   165        SH:  0    Dex: 14    Spells: 5/5 levels left

rFire    + . .     SeeInvis +     - Unarmed
rCold    . . .     Gourm    .   (no shield)
rNeg     . . .     Faith    .   f - +0 leather armour
rPois    .         Spirit   .   j - +1 helmet
rElec    .         Reflect  .   (no cloak)
rCorr    .         Harm     .   (no gloves)
MR       .....                  e - +0 pair of boots
Stlth    ++........             (no amulet)
HPRegen  0.36/turn              h - ring of protection from fire
MPRegen  0.10/turn              (no ring)

@: regenerating quickly
A: fangs 3, see invisible, unbreathing
a: Berserk, Trog's Hand, Renounce Religion


You were on level 4 of the Dungeon.
You worshipped Trog.
Trog was most pleased with you.
You were full.

You visited 1 branch of the dungeon, and saw 4 of its levels.

You collected 165 gold pieces.

Inventory:

Hand Weapons
 c - a +3 whip of venom
 k - a +1 spear of distortion
Armour
 e - a +0 pair of boots (worn)
 f - a +0 leather armour (worn)
 j - a +1 helmet (worn)
Jewellery
 h - a ring of protection from fire (left hand)
Scrolls
 b - a scroll of fog
Potions
 a - 14 potions of blood
 d - a potion of might
 n - a potion of brilliance


   Skills:
 + Level 3.8 Fighting
 + Level 2.6 Armour
 + Level 3.7 Dodging
 + Level 1.5 Stealth
 + Level 6.5 Unarmed Combat


You had 5 spell levels left.
You didn't know any spells.
Your spell library was empty.

Dungeon Overview and Level Annotations

Branches:
Dungeon (4/15)
 Temple: D:4-7

Altars:
Ashenzari
Elyvilon
Qazlal
Wu Jian
Zin

Shops:
D:4 (


Innate Abilities, Weirdness & Mutations

Your natural rate of healing is unusually fast.
You have razor-sharp teeth.
You have supernaturally acute eyesight. (SInv)
You can survive without breathing.


Message History

You are too injured to fight recklessly!
You are too injured to fight recklessly!
You hit the ogre but do no damage.
The ogre is heavily wounded.
The ogre hits you with a giant club!!
* * * LOW HITPOINT WARNING * * *
You hit the ogre but do no damage.
The ogre is heavily wounded.
You barely miss the ogre.
The ogre is heavily wounded.
The ogre misses you.
You barely miss the ogre. You punch the ogre.
The ogre is heavily wounded.
The ogre barely misses you.
You feel better.
You hit the ogre.
The ogre is severely wounded.
The ogre hits you with a giant club!!
Ouch! That really hurt!
You die...

...#..# ###.....# ........
..###.###.......#
#........... ..
#..#8.8.8...## #...........
.# ##.#.⌠.⌠.....#
##.(......... #
#..8.∩.8....# #............
##..⌠.⌠.....####....[.......
#.8.8.8.....##.%......[.(..
#..####.....##.............
##.. ##..@.#............#.
#.....####O#.......#####..
...#.............###
....#####....##### #...
##....# ##....# ##...# ##...
#...


You could see an ogre.

Vanquished Creatures
  An ogre (D:4)
  The ghost of Zanta616 the Caller, an amateur TeSu (D:3)
  A hound (D:4)
  3 orc wizards (D:4)
  2 worker ants
  A worker ant zombie (D:4)
  6 gnolls
  2 adders
  An ooze (D:1)
  A dart slug (D:1)
  2 leopard geckos
  9 orcs
  3 giant cockroaches
  3 goblins
  7 hobgoblins
  4 jackals (D:3)
  5 bats
  6 frilled lizards
  2 hobgoblin zombies (D:4)
  8 kobolds
  2 orc zombies (D:4)
  8 rats
78 creatures vanquished.

Notes
Turn   | Place    | Note
-------+----------+-------------------------------------------
     0 | D:1      | senseless the Vampire Berserker began the quest for the
                  | Orb.
     0 | D:1      | Reached XP level 1. HP: 17/17 MP: 1/1
   287 | D:1      | Reached XP level 2. HP: 11/23 MP: 2/2
   784 | D:2      | Found an ornate altar of the Wu Jian Council.
   825 | D:2      | Reached XP level 3. HP: 29/29 MP: 3/3
   988 | D:2      | Found a white marble altar of Elyvilon.
  1082 | D:2      | Reached skill level 4 in Unarmed Combat
  1087 | D:2      | Reached XP level 4. HP: 31/35 MP: 4/4
  1087 | D:2      | Found a stormy altar of Qazlal.
  1093 | D:2      | Reached ** piety under Trog
  1675 | D:3      | Found a glowing silver altar of Zin.
  1675 | D:3      | Noticed an angel
  1811 | D:3      | Found a shattered altar of Ashenzari.
  1851 | D:3      | Found a runed gate.
  1851 | D:3      | Found a runed gate.
  1853 | D:3      | Found a runed gate.
  1890 | D:3      | Reached XP level 5. HP: 30/41 MP: 5/5
  2270 | D:3      | Noticed Zanta616's ghost (amateur TeSu)
  2402 | D:3      | Killed Zanta616's ghost
  2402 | D:3      | Reached skill level 1 in Stealth
  2402 | D:3      | Reached skill level 5 in Unarmed Combat
  2643 | D:4      | Reached XP level 6. HP: 37/47 MP: 6/6
  2745 | D:4      | Reached skill level 6 in Unarmed Combat
  2790 | D:4      | Reached *** piety under Trog
  2998 | D:4      | Found Ziucijee's Weapon Boutique.
  3037 | D:4      | Mangled by an ogre

Skill      XL: |  1  2  3  4  5  6 |
---------------+-------------------+-----
Fighting       | 3 |  3.8
Armour         | 2 |  2.6
Unarmed Combat | 4 5 6 |  6.5
Dodging        | 3 |  3.7
Stealth        | 1 |  1.5

Action                   |  1- 3 |  4- 6 || total
-------------------------+-------+-------++-------
Melee: Unarmed           |    81 |   187 ||   268
       Bite              |     9 |    20 ||    29
       Punch             |     3 |     5 ||     8
Invok: Berserk           |     1 |     3 ||     4
  Use: Potion            |     8 |     8 ||    16
       Scroll            |       |    10 ||    10
  Eat: Corpse            |       |     6 ||     6
Armor: Leather armour    |    14 |    47 ||    61
Dodge: Dodged            |    49 |   117 ||   166
